ITL
HAVANA ROLLERS @ RICHMOND FLAIRS
08/15/2030
 
TOP OF THE 1ST
Havana Rollers batting - Pitching for Richmond Flairs : RHP Chris Carpenter
Pitching: RHP Chris Carpenter
Batting: LHB Marvin Nichols 0-0: Called Strike
0-1: Fly out, F9 (Flyball, 9)
Batting: LHB Mario Olivares 0-0: Called Strike
0-1: Ball
1-1: Ball
2-1: Foul Ball, location: 2F
2-2: Ball
3-2: Foul Ball, location: 2F
3-2: Base on Balls
Batting: RHB Brant Sherman 0-0: Ball
Mario Olivares steals 2nd base
1-0: Ball
2-0: Foul Ball, location: 2F
2-1: Fly out, F7 (Flyball, 7S)
Batting: RHB Soshu Nakamura 0-0: Ball
1-0: Ball
2-0: Foul Ball, location: 2F
2-1: Ball
3-1: Called Strike
3-2: Strikes out swinging
Top of the 1st over - 0 runs, 0 hits, 0 errors, 1 left on base; Havana 0 - Richmond 0
BOTTOM OF THE 1ST
Richmond Flairs batting - Pitching for Havana Rollers : RHP Bob Holland
Pitching: RHP Bob Holland
Batting: RHB Lonson Seals 0-0: Called Strike
0-1: Swinging Strike
0-2: SINGLE (Flyball, 8RS)
Batting: RHB António Gonzáles 0-0: Called Strike
0-1: Foul Ball, location: 2F
0-2: Ground out 6-3 (Groundball, 56D)
Lonson Seals to second
Batting: LHB R.J. Courtney 0-0: Ball
1-0: Ball
2-0: Ball
3-0: Called Strike
3-1: Foul Ball, location: 2F
3-2: Foul Ball, location: 2F
3-2: Base on Balls
Batting: LHB Roland Jones 0-0: Ball
1-0: Fielders Choice at 2nd, 3-6 (Groundball, 3)
Lonson Seals to third
Batting: RHB Jack Ray 0-0: Called Strike
0-1: Called Strike
0-2: Foul Ball, location: 2F
0-2: Strikes out swinging
Bottom of the 1st over - 0 runs, 1 hit, 0 errors, 2 left on base; Havana 0 - Richmond 0
TOP OF THE 2ND
Havana Rollers batting - Pitching for Richmond Flairs : RHP Chris Carpenter
Batting: RHB Bill Little 0-0: DOUBLE (Line Drive, 9D)
Batting: RHB Luis Aguilar 0-0: Ball
1-0: Swinging Strike
1-1: Ball
2-1: Fly out, F9 (Flyball, 9LD)
Batting: RHB Brian Jackson 0-0: Called Strike
0-1: Foul Ball, location: 2F
0-2: Ball
1-2: Ball
2-2: Ball
3-2: Base on Balls
Batting: RHB Mitsuharu Matsumoto 0-0: Foul Ball, location: 2F
0-1: Grounds into double play, 6-4-3 (Groundball, 56)
Top of the 2nd over - 0 runs, 1 hit, 0 errors, 1 left on base; Havana 0 - Richmond 0
BOTTOM OF THE 2ND
Richmond Flairs batting - Pitching for Havana Rollers : RHP Bob Holland
Batting: RHB Miguel Hernández 0-0: Called Strike
0-1: Ball
1-1: Called Strike
1-2: Foul Ball, location: 2F
1-2: Strikes out looking
Batting: SHB Adrián Miranda 0-0: Ball
1-0: Fly out, F4 (Line Drive, 4M)
Batting: RHB Alejandro Ramos 0-0: Ground out 5-3 (Groundball, 5)
Bottom of the 2nd over - 0 runs, 0 hits, 0 errors, 0 left on base; Havana 0 - Richmond 0
TOP OF THE 3RD
Havana Rollers batting - Pitching for Richmond Flairs : RHP Chris Carpenter
Batting: RHB Ken MacDonald 0-0: Ball
1-0: Called Strike
1-1: Called Strike
1-2: Foul Ball, location: 2F
1-2: Fly out, F8 (Flyball, 8RD)
Batting: LHB Marvin Nichols 0-0: Ball
1-0: Called Strike
1-1: Called Strike
1-2: DOUBLE (Flyball, 7LD)
Batting: LHB Mario Olivares 0-0: Ball
1-0: Ball
2-0: Ball
3-0: Foul Ball, location: 2F
3-1: Base on Balls
Batting: RHB Brant Sherman 0-0: Ball
1-0: Called Strike
1-1: Ball
2-1: Ball
3-1: Called Strike
3-2: Fly out, F8 (Flyball, 8RM)
Batting: RHB Soshu Nakamura 0-0: Ball
1-0: Called Strike
1-1: Foul Ball, location: 2F
1-2: Ball
2-2: Fly out, F8 (Flyball, 8LXD)
Top of the 3rd over - 0 runs, 1 hit, 0 errors, 2 left on base; Havana 0 - Richmond 0
BOTTOM OF THE 3RD
Richmond Flairs batting - Pitching for Havana Rollers : RHP Bob Holland
Batting: RHB Christian Hudson 0-0: Foul Ball, location: 2F
0-1: Ball
1-1: Foul Ball, location: 2F
1-2: Fly out, F7 (Flyball, 78D)
Batting: RHB Lonson Seals 0-0: Foul Ball, location: 2F
0-1: Ball
1-1: Ground out 4-3 (Groundball, 34)
Batting: RHB António Gonzáles 0-0: Called Strike
0-1: DOUBLE (Line Drive, 7)
Batting: LHB R.J. Courtney 0-0: Ball
1-0: Foul Ball, location: 2F
1-1: Ball
2-1: Foul Ball, location: 2F
2-2: Ground out 4-3 (Groundball, 4)
Bottom of the 3rd over - 0 runs, 1 hit, 0 errors, 1 left on base; Havana 0 - Richmond 0
TOP OF THE 4TH
Havana Rollers batting - Pitching for Richmond Flairs : RHP Chris Carpenter
Batting: RHB Bill Little 0-0: Called Strike
0-1: Foul Ball, location: 2F
0-2: Strikes out swinging
Batting: RHB Luis Aguilar 0-0: Ball
1-0: Ball
2-0: Ball
3-0: Base on Balls
Batting: RHB Brian Jackson 0-0: Ball
1-0: SINGLE (Groundball, 4MD)
Luis Aguilar to second
Batting: RHB Mitsuharu Matsumoto 0-0: Ball
1-0: Called Strike
1-1: Ball
2-1: Ball
3-1: Base on Balls
Luis Aguilar to third
Brian Jackson to second
Batting: RHB Ken MacDonald 0-0: Called Strike
0-1: Swinging Strike
0-2: Ball
1-2: Strikes out swinging
Batting: LHB Marvin Nichols 0-0: Called Strike
0-1: Ball
1-1: Swinging Strike
1-2: Strikes out swinging
Top of the 4th over - 0 runs, 1 hit, 0 errors, 3 left on base; Havana 0 - Richmond 0
BOTTOM OF THE 4TH
Richmond Flairs batting - Pitching for Havana Rollers : RHP Bob Holland
Batting: LHB Roland Jones 0-0: Called Strike
0-1: Ball
1-1: Ball
2-1: Ball
3-1: DOUBLE (Line Drive, 9LM)
Batting: RHB Jack Ray 0-0: Ball
1-0: Foul Ball, location: 2F
1-1: Swinging Strike
1-2: Fly out, F9 (Line Drive, 9S)
Batting: RHB Miguel Hernández 0-0: Ball
1-0: SINGLE (Groundball, 56D)
Roland Jones to third
Runner from 3rd tries for Home, SAFE, no throw
Batting: SHB Adrián Miranda 0-0: Called Strike
0-1: Foul Ball, location: 2F
0-2: Foul Ball, location: 2F
0-2: Foul Ball, location: 2F
0-2: Foul Ball, location: 2F
0-2: Ball
1-2: Ball
2-2: Ball
3-2: Ground out 4-3 (Groundball, 34)
Miguel Hernández to second
Batting: RHB Alejandro Ramos 0-0: Called Strike
0-1: SINGLE (Groundball, 4D)
Miguel Hernández to third
Runner from 3rd tries for Home, throw and OUT!
Bottom of the 4th over - 1 run, 3 hits, 0 errors, 1 left on base; Havana 0 - Richmond 1
TOP OF THE 5TH
Havana Rollers batting - Pitching for Richmond Flairs : RHP Chris Carpenter
Batting: LHB Mario Olivares 0-0: Called Strike
0-1: Ground out 1-3 (Groundball, P)
Batting: RHB Brant Sherman 0-0: Ball
1-0: Ball
2-0: Ball
3-0: Base on Balls
Batting: RHB Soshu Nakamura 0-0: Ball
1-0: Ball
2-0: Ball
3-0: Called Strike
3-1: Called Strike
3-2: Strikes out swinging
Batting: RHB Bill Little 0-0: Ball
1-0: Swinging Strike
1-1: Swinging Strike
1-2: Ball
2-2: Strikes out swinging, 2-3 out at first.
Top of the 5th over - 0 runs, 0 hits, 0 errors, 1 left on base; Havana 0 - Richmond 1
BOTTOM OF THE 5TH
Richmond Flairs batting - Pitching for Havana Rollers : RHP Bob Holland
Batting: RHB Christian Hudson 0-0: Swinging Strike
0-1: Called Strike
0-2: Strikes out swinging
Batting: RHB Lonson Seals 0-0: Swinging Strike
0-1: Called Strike
0-2: Strikes out swinging
Batting: RHB António Gonzáles 0-0: Called Strike
0-1: Swinging Strike
0-2: Ball
1-2: Strikes out swinging
Bottom of the 5th over - 0 runs, 0 hits, 0 errors, 0 left on base; Havana 0 - Richmond 1
TOP OF THE 6TH
Havana Rollers batting - Pitching for Richmond Flairs : RHP Chris Carpenter
Batting: RHB Luis Aguilar 0-0: Ball
1-0: Called Strike
1-1: Ball
2-1: Foul Ball, location: 2F
2-2: Strikes out swinging
Batting: RHB Brian Jackson 0-0: Ball
1-0: Foul Ball, location: 2F
1-1: SINGLE (Groundball, 6MD)
Pitching: RHP Juan Gutiérrez
Batting: RHB Mitsuharu Matsumoto 0-0: Called Strike
0-1: Ball
1-1: Called Strike
1-2: Ball
2-2: SINGLE (Line Drive, 8LS)
Brian Jackson to second
Batting: RHB Ken MacDonald 0-0: Ball
1-0: Foul Ball, location: 2F
1-1: Swinging Strike
1-2: Strikes out swinging
Batting: LHB Marvin Nichols 0-0: Called Strike
0-1: Ball
1-1: Foul Ball, location: 2F
1-2: Ball
2-2: Foul Ball, location: 2F
2-2: Ball
3-2: Strikes out looking
Top of the 6th over - 0 runs, 2 hits, 0 errors, 2 left on base; Havana 0 - Richmond 1
BOTTOM OF THE 6TH
Richmond Flairs batting - Pitching for Havana Rollers : RHP Bob Holland
Batting: LHB R.J. Courtney 0-0: Ball
1-0: Ball
2-0: Ground out 4-3 (Groundball, 4)
Batting: LHB Roland Jones 0-0: Called Strike
0-1: Ball
1-1: SOLO HOME RUN (Flyball, 78XD), Distance : 398 ft
Batting: RHB Jack Ray 0-0: Ball
1-0: SINGLE (Groundball, 4MD)
Batting: RHB Miguel Hernández 0-0: Called Strike
0-1: 2-RUN HOME RUN (Flyball, 9D), Distance : 364 ft
Pitching: LHP Mike Doss
Batting: SHB Adrián Miranda 0-0: Ball
1-0: Ball
2-0: Foul Ball, location: 2F
2-1: Ball
3-1: Foul Ball, location: 2F
3-2: SINGLE (Groundball, 6M) (infield hit)
Batting: RHB Alejandro Ramos 0-0: Ball
1-0: Grounds into double play, 1-6-3 (Groundball, P)
Bottom of the 6th over - 3 runs, 4 hits, 0 errors, 0 left on base; Havana 0 - Richmond 4
TOP OF THE 7TH
Havana Rollers batting - Pitching for Richmond Flairs : RHP Juan Gutiérrez
Batting: LHB Mario Olivares 0-0: Ball
1-0: Ball
2-0: Ball
3-0: Called Strike
3-1: Base on Balls
Batting: RHB Brant Sherman 0-0: Called Strike
0-1: Ball
1-1: Ball
2-1: Ball
3-1: Called Strike
3-2: Base on Balls
Mario Olivares to second
Batting: RHB Soshu Nakamura 0-0: Called Strike
0-1: Swinging Strike
0-2: Strikes out swinging
Batting: RHB Bill Little 0-0: Grounds into double play, 6-4-3 (Groundball, 6)
Top of the 7th over - 0 runs, 0 hits, 0 errors, 1 left on base; Havana 0 - Richmond 4
BOTTOM OF THE 7TH
Richmond Flairs batting - Pitching for Havana Rollers : LHP Mike Doss
Batting: RHB Christian Hudson 0-0: Called Strike
0-1: Foul Ball, location: 2F
0-2: Ball
1-2: Fly out, F8 (Flyball, 8LS)
Batting: RHB Lonson Seals 0-0: Ball
1-0: Called Strike
1-1: Called Strike
1-2: Ball
2-2: Ball
3-2: Foul Ball, location: 2F
3-2: Base on Balls
Batting: RHB António Gonzáles 0-0: DOUBLE (Line Drive, 78D)
Lonson Seals to third
Batting: LHB R.J. Courtney 0-0: Foul Ball, location: 2F
0-1: Called Strike
0-2: Foul Ball, location: 2F
0-2: Ball
1-2: Fly out, F7 (Line Drive, 7)
Runner from 3rd tags up, SCORES, throw made
Batting: LHB Roland Jones 0-0: Ball
1-0: Foul Ball, location: 2F
1-1: Called Strike
1-2: Foul Ball, location: 2F
1-2: Foul Ball, location: 2F
1-2: Foul Ball, location: 2F
1-2: Strikes out swinging
Bottom of the 7th over - 1 run, 1 hit, 0 errors, 1 left on base; Havana 0 - Richmond 5
TOP OF THE 8TH
Havana Rollers batting - Pitching for Richmond Flairs : RHP Juan Gutiérrez
Now in RF: Joe Courtier
Batting: RHB Luis Aguilar 0-0: Ball
1-0: Called Strike
1-1: Foul Ball, location: 2F
1-2: Reached on error, E4 (Groundball, 4)
Batting: RHB Brian Jackson 0-0: Fly out, F4 (Flyball, 34D)
Batting: RHB Mitsuharu Matsumoto 0-0: Ball
1-0: DOUBLE (Line Drive, 9LS)
Luis Aguilar to third
Batting: RHB Ken MacDonald 0-0: Called Strike
0-1: Foul Ball, location: 2F
0-2: SINGLE (Groundball, 4D)
Luis Aguilar scores
Mitsuharu Matsumoto to third
Runner from 3rd tries for Home, SAFE, throw made home
Pitching: LHP José Morán
Batting: LHB Marvin Nichols 0-0: Called Strike
0-1: Ball
1-1: Ball
2-1: Foul Ball, location: 2F
2-2: Strikes out looking
Batting: LHB Mario Olivares 0-0: Swinging Strike
0-1: Ball
1-1: Ball
Wild Pitch!
Ken MacDonald to second
2-1: Ball
3-1: Base on Balls
Batting: RHB Brant Sherman 0-0: Called Strike
0-1: Ball
1-1: Foul Ball, location: 2F
1-2: Fly out, F8 (Flyball, 8LM)
Top of the 8th over - 2 runs, 2 hits, 1 error, 2 left on base; Havana 2 - Richmond 5
BOTTOM OF THE 8TH
Richmond Flairs batting - Pitching for Havana Rollers : LHP Mike Doss
Batting: RHB Jack Ray 0-0: Called Strike
0-1: Ball
1-1: Ball
2-1: Ground out 6-3 (Groundball, 6)
Batting: RHB Miguel Hernández 0-0: Ball
1-0: Ball
2-0: Ball
3-0: Base on Balls
Batting: SHB Adrián Miranda 0-0: Foul Ball, location: 2F
0-1: Foul Ball, location: 2F
0-2: Ball
1-2: Ground out 5-3 (Groundball, 5S)
Miguel Hernández to second
Batting: RHB Alejandro Ramos 0-0: Called Strike
0-1: Ground out U3 (Groundball, 3)
Bottom of the 8th over - 0 runs, 0 hits, 0 errors, 1 left on base; Havana 2 - Richmond 5
TOP OF THE 9TH
Havana Rollers batting - Pitching for Richmond Flairs : LHP José Morán
Pitching: RHP Albert Sánchez
Batting: RHB Soshu Nakamura 0-0: Ball
1-0: Ball
2-0: Called Strike
2-1: Ball
3-1: Called Strike
3-2: Foul Ball, location: 2F
3-2: SINGLE (Popup, 3D)
Batting: RHB Bill Little 0-0: Swinging Strike
0-1: Foul Ball, location: 2F
0-2: Ball
1-2: Foul Ball, location: 2F
1-2: Ball
2-2: Strikes out swinging
Batting: RHB Luis Aguilar 0-0: Fly out, F7 (Flyball, 7D)
Batting: RHB Brian Jackson 0-0: Ball
1-0: Swinging Strike
1-1: Fly out, F4 (Line Drive, 4)
Top of the 9th over - 0 runs, 1 hit, 0 errors, 1 left on base; Havana 2 - Richmond 5
Saturday, April 7th, 2018 - OOTP Baseball 18.8 Build 76